 Dungeon Crawl Stone Soup version 0.29-a0-25-g7f48f510a0 (webtiles) character file.

Game seed: 6933233760050405444

93 lunkers the Poker (level 4, -1/35 HPs)
             Began as a Merfolk Gladiator on Jan 31, 2022.
             Slain by Ijyb (5 damage)
             ... on level 3 of the Dungeon.
             The game lasted 00:03:56 (2257 turns).

lunkers the Poker (Merfolk Gladiator)               Turns: 2257, Time: 00:03:57

Health: -1/35      AC:  6    Str: 14    XL:     4   Next: 61%
Magic:  4/4        EV: 12    Int:  7    God:
Gold:   78         SH:  0    Dex: 17    Spells: 3/3 levels left

rFire   . . .      SeeInvis .   a - +0 trident
rCold   + . .      Faith    .   (no shield)
rNeg    . . .      Spirit   .   k - +0 ring mail
rPois   .          Reflect  .   c - +0 helmet
rElec   .          Harm     .   (no cloak)
rCorr   .          Rampage  .   (no gloves)
Will    .....      Clarity  +   (no boots)
Stlth   +.........              (no amulet)
HPRegen 0.11/turn               (no ring)
MPRegen 0.09/turn               (no ring)

@: unable to read
A: (nimble swimmer 2), mertail, clarity, cold resistance 1, inability to read
while threatened
a: no special abilities


You were on level 3 of the Dungeon.
You visited 1 branch of the dungeon, and saw 3 of its levels.

You collected 78 gold pieces.

Inventory:

Hand Weapons
 a - a +0 trident (weapon)
Missiles
 d - 3 throwing nets
Armour
 b - a +0 leather armour
 c - a +0 helmet (worn)
 k - a +0 ring mail (worn)
Scrolls
 f - a scroll of enchant weapon {unknown}
 i - 2 scrolls of teleportation {unknown}
 j - a scroll of fear {unknown}
 n - a scroll of magic mapping {unknown}
Potions
 e - a potion of heal wounds {unknown}
 g - a potion of ambrosia {unknown}
 h - a potion of mutation
 l - a potion of berserk rage {unknown}
 m - 2 potions of brilliance {unknown}


   Skills:
 + Level 3.3 Fighting
 * Level 6.7 Polearms
 - Level 2.0 Throwing
 - Level 4.0 Dodging


You had 3 spell levels left.
You didn't know any spells.
Your spell library was empty.

Dungeon Overview and Level Annotations

Branches:
Dungeon (3/15)

Altars:

Shops:
D:1 :   D:3 (

Annotations:
D:3 Ijyb


Innate Abilities, Weirdness & Mutations

((You are very nimble when in or above water. (Stealth+, EV+, Speed+++)))
Your lower body shifts to a powerful aquatic tail in water.
You possess an exceptional clarity of mind.
Your flesh is cold resistant. (rC+)
You sometimes lose the ability to read scrolls when taking damage.


Message History

You hit the adder.
You kill the adder!
You see here an adder corpse.
Ijyb the Twisted Goblin comes into view.
She is wielding a +5 club, wearing a +3 ring mail of willpower and carrying a wand of iceblast (7).
Ijyb shouts!
Ijyb zaps a wand.
The mass of ice explodes!
The iceblast engulfs you!
* * * LOW HITPOINT WARNING * * *
Unknown command.
Okay, then.
Ijyb zaps a wand.
The mass of ice explodes!
The iceblast engulfs you.
* * * LOW HITPOINT WARNING * * *
Reach: a) +0 trident
Press: ? - help, Dir - move target, f - Ijyb
Aim: Ijyb, wielding a +5 club, wearing a +3 ring mail of willpower and carrying a wand of iceblast (5) (about 40% to evade your +0 trident)
You reach to attack!
You closely miss Ijyb.
Unknown command.
Unknown command.
Ijyb misses you.
You closely miss Ijyb. Ijyb hits you with a +5 club.
* * * LOW HITPOINT WARNING * * *
Unknown command.
Unknown command.
Okay, then.
Level annotation: Ijyb Welcome back, lunkers the Merfolk Gladiator.
Press ? for a list of commands and other information.
Okay, then.
Okay, then.
Ijyb hits you with a +5 club!
* * * LOW HITPOINT WARNING * * *
A kobold comes into view. It is wielding a +0 whip.
Okay, then.
It was a potion of mutation.
You feel extremely strange.
You feel resistant to cold.
You lose the ability to read scrolls when threatened.
Your thoughts seem clearer.
The kobold shouts!
Ijyb hits you with a +5 club.
You feel threatened and lose the ability to read scrolls!
You die...

### ###.####
#......#
##......#####
###.##g@.........#
.............###.#
......#......###.#
.....####.###.##.#
.#..# ####...#.#
#.K #......# #..
##..†### ###..#
##.## ......## #.#


You could see Ijyb and a kobold.

Vanquished Creatures
  3 adders
  An adder skeleton (D:2)
  4 worms
  2 dart slugs
  5 endoplasms
  3 giant cockroaches
  2 hobgoblins (D:2)
  3 jackals (D:1)
  3 quokkas
  4 ball pythons
  3 bats
  A frilled lizard (D:2)
  5 goblins
  4 kobolds
  7 rats
50 creatures vanquished.

Notes
Turn   | Place    | Note
-------+----------+-------------------------------------------
     0 | D:1      | lunkers the Merfolk Gladiator began the quest for the Orb.
     0 | D:1      | Reached XP level 1. HP: 16/16 MP: 1/1
   196 | D:1      | Reached skill level 5 in Polearms
   196 | D:1      | Reached XP level 2. HP: 22/23 MP: 2/2
   504 | D:1      | Found Unebudoi's Book Emporium.
   507 | D:1      | Reached XP level 3. HP: 28/28 MP: 3/3
  1136 | D:2      | Found a faded altar of an unknown god.
  1164 | D:2      | Reached skill level 6 in Polearms
  1489 | D:2      | Reached XP level 4. HP: 19/35 MP: 4/4
  2034 | D:3      | Found Femist's Antique Weapon Boutique.
  2249 | D:3      | Noticed Ijyb
  2257 | D:3      | Gained mutation: Your flesh is cold resistant. (rC+)
                  | [potion of mutation]
  2257 | D:3      | Gained mutation: You sometimes lose the ability to read
                  | scrolls when taking damage. [potion of mutation]
  2257 | D:3      | Gained mutation: You possess an exceptional clarity of
                  | mind. [potion of mutation]
  2257 | D:3      | Slain by Ijyb

Illustrated notes

Levels and vault maps discovered:
D:1:      dpeg_arrival_rooms_b, layout_loops_ring, serial_shops, shop
D:2:      layout_rooms, ebering_ecumenical_altar_abandoned, nrook_mini_vaults
D:3:      layout_loops_corners, serial_shops, nicolae_shop_stone,
          uniq_crazy_yiuf_cottage, uniq_robin, uniq_terence, uniq_ijyb

Skill      XL: |  1  2  3 |
---------------+----------+-----
Polearms       | 5 6 |  6.7
Fighting       | 3 |  3.3
Throwing       | |  2.0
Dodging        | |  4.0

Action                   |  1- 3 |  4- 6 || total
-------------------------+-------+-------++-------
Melee: Trident           |   115 |    54 ||   169
       Punch             |     1 |     1 ||     2
  Use: Potion            |       |     1 ||     1
Armor: Leather armour    |    10 |       ||    10
       Ring mail         |     7 |    14 ||    21
Dodge: Dodged            |    69 |    20 ||    89

Table legend: (Time is in decaauts)
 A = Elapsed time spent in this place.
 B = Non-inter-level travel time spent in this place.
 C = Inter-level travel time spent in this place.
 D = Time resting spent in this place.
 E = Time spent auto-exploring this place.
 F = Levels seen in this place.
 G = Mean time per level.
                   A        B        C        D        E       F      G
               +--------+--------+--------+--------+--------+-----+--------+
         Total |   2258 |   2185 |     73 |      0 |   1856 |   3 |  752.7 |
       Dungeon |   2258 |   2185 |     73 |      0 |   1856 |   3 |  752.7 |
               +--------+--------+--------+--------+--------+-----+--------+

Top non-repeatable levels by time:
     D:2: 1042 daAuts
     D:1: 869 daAuts
     D:3: 346 daAuts
